 Dungeon Crawl Stone Soup version 0.20.1-1-g8b1a95d (webtiles) character file.

47728 Irenicus the Severer (level 14, -15/138 HPs)
             Began as a Deep Dwarf Berserker on Nov 1, 2017.
             Was a Believer of Makhleb.
             Demolished by a deep troll (27 damage)
             ... created by the rage of Trog
             ... on level 1 of the Lair of Beasts.
             The game lasted 01:27:39 (15458 turns).

Irenicus the Severer (Deep Dwarf Berserker)        Turns: 15458, Time: 01:27:41

Health: -15/138    AC: 15    Str: 19 (21) XL:     14   Next: 9%
Magic:  17/21      EV: 20    Int:  7      God:    Makhleb [**....]
Gold:   1577       SH:  0    Dex: 15      Spells: 12/13 levels left

rFire    . . .     SeeInvis .   g - +6 spear (vamp)
rCold    . . .     Gourm    .   (no shield)
rNeg     + + .     Faith    .   X - +0 steam dragon scales
rPois    +         Spirit   .   n - +0 helmet
rElec    .         Reflect  .   T - +2 ratskin cloak {+Rats rPois rN+ Str-1 Int-1 Dex+1}
rCorr    .         Harm     .   f - +2 pair of gloves
MR       +++..                  H - -1 pair of boots
Stlth    +++.......             B - amulet of rage
Regen    0.0/turn               l - ring of stealth
MPRegen  0.2/turn               (no ring)

@: berserk cooldown, very slightly contaminated, non-regenerating, slowed,
invisible, very slow
A: damage resistance, heal wounds, slimy green scales 1, clumsy 1, magic
resistance 1, negative energy resistance 1, sense surroundings 2, shaggy fur 1,
no regeneration
a: Heal Wounds, Minor Destruction, Renounce Religion, Evoke Ratskin, Evoke
Berserk Rage


You were on level 1 of the Lair of Beasts.
You worshipped Makhleb.
Makhleb was pleased with you.
You were hungry.

You visited 4 branches of the dungeon, and saw 20 of its levels.

You collected 2102 gold pieces.
You spent 525 gold pieces at shops.

Inventory:

Hand Weapons
 g - a +6 vampiric spear (weapon)
 r - a +2 war axe of electrocution
Armour
 f - a +2 pair of gloves (worn)
 n - a +0 helmet (worn)
 q - +0 acid dragon scales
 t - a +2 leather armour of cold resistance
 H - a -1 pair of boots (worn)
 T - the +2 ratskin cloak (worn) {+Rats rPois rN+ Str-1 Int-1 Dex+1}
   (You bought it in a shop on level 7 of the Dungeon)

   It affects your strength (-1).
   It affects your intelligence (-1).
   It affects your dexterity (+1).
   It protects you from poison.
   It protects you from negative energy.
 X - +0 steam dragon scales (worn)
Jewellery
 l - a ring of stealth (left hand)
 B - an amulet of rage (around neck)
Wands
 a - a wand of confusion (1/48)
 d - a wand of enslavement (21/24)
 h - a wand of random effects (17/48)
 j - a wand of flame (18/48)
 k - a wand of flame (24/48)
 m - a wand of flame (17/48)
 u - a wand of digging (10/24)
 x - a wand of digging (7/24)
 y - a wand of confusion (31/48)
 D - a wand of acid (8/15)
 F - a wand of iceblast (9/15)
 I - a wand of flame (18/48)
 L - a wand of paralysis (10/24)
 P - a wand of clouds (4/9)
 U - a wand of lightning (9/15)
 W - a wand of lightning (6/15)
Scrolls
 b - 2 scrolls of fog
 e - a scroll of teleportation
 i - 5 scrolls of remove curse
 w - 2 scrolls of magic mapping
 A - 2 scrolls of noise {unknown}
 N - 4 scrolls of identify
 V - 2 scrolls of enchant armour
 Z - 2 scrolls of vulnerability {unknown}
Potions
 p - 2 potions of invisibility
 v - a potion of brilliance {unknown}
 z - 8 potions of curing
 E - 2 potions of cancellation
 J - a potion of berserk rage
 K - 2 potions of might
 O - 2 potions of resistance
 S - a potion of mutation
 Y - a potion of flight
Books
 o - a book of Debilitation

   Spells                             Type                      Level
   a - Corona                         Hexes                        1
   b - Slow                           Hexes                        2
   c - Inner Flame                    Hexes/Fire                   3
   d - Portal Projectile              Hexes/Translocation          3
   e - Cause Fear                     Hexes                        4
   f - Leda's Liquefaction            Hexes/Earth                  4
 R - a book of Cantrips

   Spells                             Type                      Level
   a - Confusing Touch                Hexes                        1
   b - Animate Skeleton               Necromancy                   1
   c - Summon Small Mammal            Summoning                    1
   d - Apportation                    Translocation                1
Comestibles
 c - 12 bread rations
 C - 8 fruits
 G - 2 royal jellies


   Skills:
 - Level 12.1 Fighting
 - Level 16.3(16.6) Axes
 - Level 5.1(10.6) Polearms
 - Level 2.2 Armour
 + Level 12.0 Dodging
 - Level 2.1 Stealth
 - Level 0.3 Invocations
 - Level 10.1 Evocations


You had 12 spell levels left.
You knew the following spells:

 Your Spells              Type           Power        Failure   Level  Hunger
a - Animate Skeleton      Necr           N/A          43%         1    ##.....


Dungeon Overview and Level Annotations

Branches:
Dungeon (14/15)            Temple (1/1) D:5            Lair (3/6) D:9
  Swamp (0/4) Lair:2          Orc (2/2) D:12            Elf (0/3) Orc:2
  Snake: Lair:2-4    Spider: Lair:2-4    Vaults: D:13-14

Altars:
Ashenzari
Cheibriados
Dithmenos
Elyvilon
Fedhas
Gozag
Hepliaklqana
Kikubaaqudgha
Makhleb
Nemelex Xobeh
Okawaru
Qazlal
Ru
Sif Muna
Trog
Uskayaw
Vehumet
Xom
Yredelemnul
Zin
The Shining One
Beogh

Shops:
D:5 *   D:7 *[   D:10 (   D:12 *   Orc:2 (?:[

Annotations:
D:2 Natasha
D:14 exclusions: door, vault guard and yaktaur


Innate Abilities, Weirdness & Mutations

You are resistant to damage.
You can heal yourself by infusing magical energy.
You resist negative energy. (rN+)
You passively map the area around you.
You do not regenerate.
You are partially covered in slimy green scales. (AC +2)
You are clumsy. (Dex -2)
You are resistant to hostile enchantments. (MR+)
You are covered in fur. (AC +1)


Message History

The polar bear misses you. The polar bear barely misses you.
The polar bear completely misses you. The deep troll bites you!!
* * * LOW HITPOINT WARNING * * *
The deep troll claws you.
* * * LOW HITPOINT WARNING * * *
The deep troll completely misses you. The ogre misses you.
You feel much better. The two-headed ogre misses you.
The two-headed ogre hits you with a giant club!!
The deep troll bites you!!
* * * LOW HITPOINT WARNING * * *
The deep troll claws you.
* * * LOW HITPOINT WARNING * * *
The deep troll completely misses you. The polar bear bites you!
* * * LOW HITPOINT WARNING * * *
The polar bear completely misses you. The polar bear closely misses you.
The polar bear misses you. The polar bear barely misses you.
The polar bear misses you. The ogre completely misses you.
The two-headed ogre completely misses you.
The two-headed ogre closely misses you. The deep troll bites you!!
You die...

######## ##......#*
#........#
#........### ##....#
#...##
#.....###....#
####O..).......# ***
##P..Oh###...#..#
#....T@# #..#...####
* #....hO#
##...>....## ,, *
#......#
#..........# , ,
.......$#
#P.#.#......# ,
......###
##....###.... ,,,
####.. ###.######..
, ##., ### #..##. *,
#..... #######...#.
, * *
#.....#*#....##..#..


You could see 2 two-headed ogres, a deep troll (berserk), 2 polar bears and an
ogre (berserk).

Vanquished Creatures
  Azrael (D:14)
  An ogre mage (Orc:2)
  Erolcha (Orc:2)
  5 hydras
  2 centaur warriors
  3 two-headed ogres
  A tengu warrior (D:13)
  2 unseen horrors (D:12)
  A deep troll (Lair:3)
  A wolf spider zombie (D:13)
  3 ugly things
  A deep elf mage (D:13)
  3 orc sorcerers (Orc:2)
  2 cyclopes
  2 centaur zombies (D:13)
  2 black mambas (Lair:3)
  Joseph (D:7)
  The ghost of Irenicus the Cleaver, a novice DDBe of Trog (D:5)
  A torpor snail (Lair:3)
  6 spiny frogs
  2 centaur skeletons (D:10)
  A gargoyle (D:14)
  4 komodo dragons
  4 trolls
  5 polar bears
  A hornet (D:8)
  4 blink frogs (Lair:3)
  3 hippogriffs
  A basilisk (Lair:3)
  2 wyverns
  A wraith (D:13)
  A hog (shapeshifter) (D:14)
  15 yaks
  3 fire elementals (D:14)
  A steam dragon (D:11)
  A hungry ghost (D:14)
  3 swamp worms (Lair:2)
  6 water moccasins
  Edmund (D:5)
  4 wargs
  An acid dragon (D:13)
  A soldier ant (D:11)
  Duvessa (D:5)
  6 black bears
  3 porcupines
  2 sky beasts
  A necrophage (D:7)
  10 orc warriors
  14 ogres
  2 ice beasts (D:9)
  A phantom (D:11)
  3 wolves
  10 crocodiles
  8 centaurs
  3 big kobolds
  2 gnoll sergeants
  12 bullfrogs
  Dowan (D:5)
  A water moccasin zombie (D:6)
  3 scorpions
  A wyvern skeleton (D:14)
  10 killer bees
  8 wights
  A howler monkey (D:12)
  9 crimson imps
  A quasit (D:7)
  2 bullfrog zombies
  18 orc wizards
  A jelly (D:14)
  12 orc priests
  Crazy Yiuf (D:7)
  2 bullfrog skeletons (D:13)
  7 hounds
  Jessica (D:2)
  9 iguanas
  5 worker ants
  A bullfrog simulacrum (D:9)
  A hound zombie (D:8)
  A hound skeleton (D:4)
  A howler monkey zombie (D:6)
  A worker ant zombie (D:6)
  15 gnolls
  3 howler monkey skeletons
  15 adders
  A hound simulacrum (D:9)
  7 shadow imps
  8 white imps
  An ooze (D:2)
  An adder skeleton (D:5)
  2 worms
  A dart slug (D:4)
  2 adder simulacra (D:9)
  6 leopard geckos
  55 orcs
  8 bats
  7 giant cockroaches
  13 goblins
  13 hobgoblins
  31 jackals
  4 quokkas
  A ball python skeleton (D:5)
  6 frilled lizards
  11 kobolds
  12 rats
504 creatures vanquished.

Vanquished Creatures (collateral kills)
  An ogre mage (Orc:2)
  The ghost of Romulous the Cleaver, a journeyman MiFi of Okawaru (Orc:2)
  A hydra (Lair:3)
  Nergalle (D:10)
  4 orc sorcerers (Orc:2)
  A cyclops (D:11)
  3 ugly things (D:14)
  A black mamba (Lair:2)
  A komodo dragon (Lair:2)
  2 spiny frogs
  2 polar bears (Lair:3)
  2 blink frogs (Lair:3)
  Grum (Lair:1)
  A fire elemental (D:14)
  A hungry ghost (D:11)
  3 swamp worms (Lair:2)
  A hell hound (D:14)
  A water moccasin (Lair:3)
  A black bear (Lair:3)
  An orc warrior (D:14)
  4 centaurs
  2 ogres
  A bullfrog (D:11)
  A wyvern zombie (D:12)
  A scorpion (D:11)
  3 orc wizards (Orc:2)
  An iguana (D:11)
  A worker ant (D:11)
  An adder (D:11)
  2 orcs
47 creatures vanquished.

Vanquished Creatures (others)
  A killer bee (D:11)
  2 orc wizards
  5 fungi
  3 plants (Lair:3)
11 creatures vanquished.

Grand Total: 562 creatures vanquished

Notes
Turn   | Place    | Note
-------+----------+-------------------------------------------
     0 | D:1      | Irenicus the Deep Dwarf Berserker began the quest for the Orb.
     0 | D:1      | Reached XP level 1. HP: 20/20 MP: 1/1
   128 | D:1      | Reached skill level 4 in Axes
   128 | D:1      | Reached XP level 2. HP: 17/27 MP: 2/2
   453 | D:1      | Reached XP level 3. HP: 19/33 MP: 3/3
   579 | D:1      | Reached ** piety under Trog
   714 | D:1      | Reached skill level 5 in Axes
   791 | D:2      | Reached XP level 4. HP: 30/40 MP: 4/4
   817 | D:2      | Reached skill level 6 in Axes
   842 | D:2      | Noticed Jessica
   849 | D:2      | Killed Jessica
   849 | D:2      | Reached XP level 5. HP: 20/46 MP: 5/5
  1180 | D:2      | Found a sparkling altar of Nemelex Xobeh.
  1186 | D:2      | Noticed Natasha
  1274 | D:3      | Reached *** piety under Trog
  1315 | D:3      | Gained mutation: You are partially covered in slimy green scales. (AC +2) [potion of mutation]
  1315 | D:3      | Gained mutation: Your muscles are strong. (Str +2) [potion of mutation]
  1315 | D:3      | Gained mutation: Armour fits poorly on your strangely shaped body. [potion of mutation]
  1315 | D:3      | Gained mutation: You are covered in fur. (AC +1) [potion of mutation]
  1318 | D:3      | Reached skill level 7 in Axes
  1552 | D:3      | Found a faded altar of an unknown god.
  1673 | D:3      | Reached skill level 1 in Stealth
  2004 | D:3      | Reached XP level 6. HP: 9/55 MP: 6/6
  2627 | D:4      | Found a sparkling altar of Nemelex Xobeh.
  2674 | D:4      | Reached skill level 8 in Axes
  2757 | D:4      | Reached XP level 7. HP: 32/62 MP: 7/7
  3109 | D:5      | Entered Level 5 of the Dungeon
  3111 | D:5      | Found a staircase to the Ecumenical Temple.
  3123 | D:5      | Noticed a two-headed ogre
  3125 | Temple   | Entered the Ecumenical Temple
  3340 | D:5      | Reached **** piety under Trog
  3393 | D:5      | Noticed Irenicus's ghost (novice DDBe)
  3427 | D:5      | Killed Irenicus's ghost
  3427 | D:5      | Reached skill level 10 in Axes
  3441 | D:5      | Got a bloodstained dagger
  3442 | D:5      | Identified the +3 dagger of Desperation {protect, Dex+4} (You found it on level 5 of the Dungeon)
  3487 | D:5      | Noticed Duvessa
  3487 | D:5      | Noticed Dowan
  3497 | D:5      | Killed Duvessa
  3497 | D:5      | Reached XP level 8. HP: 52/69 MP: 8/8
  3501 | D:5      | Killed Dowan
  3509 | D:5      | Noticed Edmund
  3555 | D:5      | Killed Edmund
  3723 | D:5      | Found Gocokk's Serpentskin Sales.
  3733 | D:5      | Reached skill level 11 in Axes
  3911 | D:5      | Found an iron altar of Okawaru.
  4042 | D:6      | Reached skill level 12 in Axes
  4307 | D:6      | Gained mutation: You passively map the area around you. [Deep Dwarf growth]
  4307 | D:6      | Reached XP level 9. HP: 23/75 MP: 9/9
  4741 | D:7      | Reached skill level 13 in Axes
  4755 | D:7      | Noticed Joseph
  4805 | D:7      | Killed Joseph
  4925 | D:7      | Found a hazy altar of Hepliaklqana.
  4930 | D:7      | Found a deep blue altar of Sif Muna.
  5023 | D:7      | Reached skill level 1 in Polearms
  5134 | D:7      | Found Daixe's General Store.
  5149 | D:7      | Bought a potion of ambrosia for 128 gold pieces
  5149 | D:7      | Bought a potion of might for 64 gold pieces
  5271 | D:7      | Found a runed door.
  5274 | D:7      | Got a steaming mace
  5279 | D:7      | Noticed Crazy Yiuf
  5286 | D:7      | Killed Crazy Yiuf
  5395 | D:7      | Identified the +4 mace of Wyrd {flame, rF+} (You found it on level 7 of the Dungeon)
  5415 | D:7      | Found Gayrr's Armour Shop.
  5465 | D:7      | Found an opulent altar of Gozag.
  5466 | D:7      | Found a stormy altar of Qazlal.
  5541 | D:8      | Reached skill level 14 in Axes
  5834 | D:8      | Reached XP level 10. HP: 83/83 MP: 10/10
  5958 | D:8      | Reached ***** piety under Trog
  6152 | D:9      | Noticed a cyclops
  6208 | D:8      | Killed a cyclops
  6208 | D:8      | Reached skill level 15 in Axes
  6274 | D:9      | Reached XP level 11. HP: 21/106 MP: 11/11
  6386 | D:9      | Found a staircase to the Lair.
  6774 | D:9      | Received a gift from Trog
  7470 | D:10     | Entered Level 10 of the Dungeon
  7595 | D:10     | Reached skill level 16 in Axes
  7609 | D:10     | Noticed Nergalle
  7711 | D:7      | Bought the +2 ratskin cloak {+Rats rPois rN+ Str-1 Int-1 Dex+1} for 333 gold pieces
  7878 | D:10     | Found Kucul's Weapon Shoppe.
  7918 | D:10     | Killed Nergalle
  8210 | D:11     | Reached skill level 5 in Evocations
  8641 | D:11     | Reached skill level 5 in Dodging
  8705 | D:11     | Noticed a purple ugly thing
  8729 | D:11     | Killed a purple ugly thing
  9184 | D:12     | Killed an unseen horror
  9210 | D:12     | Reached XP level 12. HP: 53/115 MP: 15/15
  9289 | D:12     | Found a staircase to the Orcish Mines.
  9603 | D:12     | Noticed a two-headed ogre
  9611 | D:12     | Killed a two-headed ogre
  9616 | D:12     | Lost mutation: Armour fits poorly on your strangely shaped body. [mutagenic meat]
  9617 | D:12     | Gained mutation: You are resistant to hostile enchantments. (MR+) [mutagenic meat]
  9798 | D:12     | Found Oginacox's General Store.
 10097 | D:13     | Noticed a centaur warrior
 10114 | D:13     | Reached ****** piety under Trog
 10181 | D:13     | Killed a centaur warrior
 10330 | D:13     | Reached skill level 10 in Dodging
 10365 | D:13     | Noticed a two-headed ogre
 10406 | D:13     | Killed a two-headed ogre
 10449 | D:13     | Noticed a tengu warrior
 10474 | D:13     | Killed a tengu warrior
 10778 | D:14     | Noticed a four-headed hydra
 10790 | D:14     | Killed a four-headed hydra
 10871 | D:14     | Found a sacrificial altar of Ru.
 10955 | D:14     | Reached skill level 5 in Polearms
 11016 | D:14     | Noticed a centaur warrior
 11028 | D:14     | Killed a centaur warrior
 11075 | D:14     | Noticed a vault guard
 11131 | D:14     | Lost mutation: Your muscles are strong. (Str +2) [mutagenic meat]
 11132 | D:14     | Gained mutation: You are clumsy. (Dex -2) [mutagenic meat]
 11136 | D:14     | Reached skill level 10 in Fighting
 11207 | D:14     | Received a gift from Trog
 11278 | D:14     | Reached XP level 13. HP: 52/123 MP: 14/16
 11431 | D:14     | Noticed Azrael
 11468 | D:14     | Killed Azrael
 11723 | Orc:1    | Entered Level 1 of the Orcish Mines
 12192 | Orc:2    | Entered Level 2 of the Orcish Mines
 12247 | Orc:2    | Noticed Romulous's ghost (journeyman MiFi)
 12264 | Orc:2    | Killed Romulous's ghost
 12355 | Orc:2    | Found a radiant altar of Vehumet.
 12356 | Orc:2    | Noticed Erolcha
 12392 | Orc:2    | Killed Erolcha
 12470 | Orc:2    | Found an ancient bone altar of Kikubaaqudgha.
 12498 | Orc:2    | Found a roughly hewn altar of Beogh.
 12498 | Orc:2    | Found Gihomiob's Book Shoppe.
 12499 | Orc:2    | Found Waticw Pyach's Magic Scroll Emporium.
 12555 | Orc:2    | Found Gyikush's Antique Armour Shoppe.
 12609 | Orc:2    | Found Wefaikeg's Antique Weapon Emporium.
 12762 | Orc:2    | Found a staircase to the Elven Halls.
 13175 | Temple   | Fell from the grace of Trog
 13175 | Temple   | Became a worshipper of Makhleb the Destroyer
 13365 | Lair:1   | Entered Level 1 of the Lair of Beasts
 13535 | Lair:1   | Learned a level 1 spell: Animate Skeleton
 13810 | Lair:2   | Found a staircase to the Swamp.
 13824 | Lair:2   | You fall through a shaft!
 13941 | Lair:3   | Reached * piety under Makhleb
 14506 | Lair:2   | Reached skill level 10 in Evocations
 14518 | Lair:2   | HP: 1/129 [komodo dragon (21)]
 14831 | Lair:2   | Reached ** piety under Makhleb
 14837 | Lair:2   | Gained mutation: You resist negative energy. (rN+) [Deep Dwarf growth]
 14837 | Lair:2   | Reached XP level 14. HP: 138/138 MP: 21/21
 15425 | Lair:1   | Noticed Grum
 15446 | Lair:1   | Killed Grum
 15458 | Lair:1   | Demolished by a deep troll

Skill      XL: |  1  2  3  4  5  6  7  8  9 10 11 12 13 14 |
---------------+-------------------------------------------+-----
Axes           | 4 5 6 7 8 10 12 14 15 16 | 16.3
Stealth        | 2 |  2.1
Fighting       | 3 9 10 12 | 12.1
Polearms       | 2 5 |  5.1
Dodging        | 6 11 12 | 12.0
Evocations     | 5 10 | 10.1
Armour         | |  2.2
Invocations    | |  0.3

Action                   |  1- 3 |  4- 6 |  7- 9 | 10-12 | 13-15 || total
-------------------------+-------+-------+-------+-------+-------++-------
Melee: Hand axe          |   126 |   213 |   243 |       |       ||   582
       Spear             |       |       |   137 |  1195 |  1031 ||  2363
       Mace              |       |       |    28 |       |       ||    28
       War axe           |       |       |    20 |    44 |    37 ||   101
Throw: Tomahawk          |       |     4 |       |     1 |       ||     5
Invok: Berserk           |     2 |     6 |    17 |    17 |     8 ||    50
       Trog's Hand       |       |     2 |     6 |     4 |     5 ||    17
       Brothers in Arms  |       |       |       |       |     2 ||     2
 Abil: Heal Wounds       |       |       |     1 |       |     4 ||     5
       Evoke Ratskin     |       |       |       |    19 |    37 ||    56
       Evoke Berserk Rag |       |       |       |       |    10 ||    10
Evoke: Wand              |       |       |     5 |     4 |       ||     9
  Use: Potion            |     1 |     4 |     3 |     9 |     6 ||    23
       Scroll            |       |       |     5 |     6 |    18 ||    29
 Stab: Sleeping          |     1 |     7 |     7 |    17 |     5 ||    37
       Invisible         |       |     1 |       |     1 |       ||     2
       Distracted        |       |       |       |     5 |     7 ||    12
       Paralysed         |       |       |       |     5 |       ||     5
  Eat: Chunk             |     1 |    12 |    22 |    39 |    33 ||   107
       Fruit             |       |     2 |     3 |    11 |    13 ||    29
       Royal jelly       |       |       |     4 |     2 |     1 ||     7
       Bread ration      |       |       |     1 |       |       ||     1
       Meat ration       |       |       |       |     1 |       ||     1
Armor: Animal skin       |    14 |       |       |       |       ||    14
       Ring mail         |    38 |    56 |    16 |       |       ||   110
       Leather armour    |       |       |   148 |   152 |       ||   300
       Skin              |       |       |       |   110 |       ||   110
       Steam dragon scal |       |       |       |   180 |   226 ||   406
Dodge: Dodged            |   118 |   115 |   192 |   651 |   824 ||  1900
